 Dungeon Crawl Stone Soup version 0.19.4 (webtiles) character file.

4753 sweetbreads the Jinx (level 10, -9/44 HPs)
             Began as a Spriggan Enchanter on Feb 3, 2017.
             Was a Believer of Okawaru.
             Mangled by Erolcha
             ... wielding a +0 giant club
              (15 damage)
             ... on level 9 of the Dungeon.
             The game lasted 01:05:36 (8521 turns).

sweetbreads the Jinx (Spriggan Enchanter)           Turns: 8521, Time: 01:05:37

Health: -9/44      AC:  3    Str:  8    XL:     10   Next: 23%
Magic:  20/32      EV: 24    Int: 20    God:    Okawaru [**....]
Gold:   256        SH:  0    Dex: 22    Spells: 3 memorised, 19 levels left

rFire  . . .     SeeInvis +     a - +2 dagger (venom)
rCold  . . .     Gourm    .     s - +1 robe of Biofity {Str+4}
rNeg   . . .     Faith    .     (shield restricted)
rPois  .         Spirit   .     (helmet restricted)
rElec  .         Reflect  .     (no cloak)
rCorr  .         Harm     .     (gloves unavailable)
MR     +....                    (boots unavailable)
Stlth  +++++.....               (no amulet)
                                t - ring of magical power
                                x - +5 ring of dexterity

@: very quick
A: unfitting armour, see invisible, herbivore 3, speed 3, slow metabolism 2
a: Heroism, Renounce Religion


You were on level 9 of the Dungeon.
You worshipped Okawaru.
Okawaru was pleased with you.
You were not hungry.

You visited 2 branches of the dungeon, and saw 11 of its levels.

You collected 398 gold pieces.
You spent 142 gold pieces at shops.

Inventory:

Hand Weapons
 a - a +2 dagger of venom (weapon)
 b - a +5 short sword of freezing
 c - a +1 short sword of protection
 v - a +1 dagger
Missiles
 q - 42 poisoned needles
Armour
 o - a +1 buckler
 s - the +1 robe of Biofity (worn) {Str+4}
   (You bought it in a shop on level 7 of the Dungeon)

   It affects your strength (+4).
 y - a +1 robe
Jewellery
 r - an uncursed ring of fire
 t - a ring of magical power (right hand)
 w - an uncursed ring of teleportation
 x - a +5 ring of dexterity (left hand)
Wands
 l - a wand of enslavement (24/24)
 B - a wand of digging (8/24)
 F - a wand of iceblast (5/15)
 H - a wand of acid (6/15)
Scrolls
 e - 5 scrolls of teleportation
 f - 3 scrolls of remove curse
 g - 4 scrolls of immolation
 h - 4 scrolls of identify
 k - a scroll of fog
 m - 2 scrolls of magic mapping
 u - a scroll of recharging
 D - a scroll of vulnerability {unknown}
Potions
 d - 2 potions of curing
 i - 4 potions of haste
 j - a potion of ambrosia
 p - 3 potions of heal wounds
 G - a potion of magic {unknown}
 I - a potion of brilliance {unknown}
 J - a potion of might
 K - a potion of degeneration {unknown}
Books
 n - a book of Changes

   Spells                             Type                      Level
   a - Beastly Appendage              Transmutation                1
   b - Sticks to Snakes               Transmutation                2
   c - Spider Form                    Transmutation/Poison         3
   d - Ice Form                       Ice/Transmutation            4
   e - Blade Hands                    Transmutation                5
 z - a book of Maledictions

   Spells                             Type                      Level
   a - Corona                         Hexes                        1
   b - Ensorcelled Hibernation        Hexes/Ice                    2
   c - Confuse                        Hexes                        3
   d - Tukima's Dance                 Hexes                        3
   e - Dazzling Spray                 Conjuration/Hexes            3
 A - a book of Cantrips

   Spells                             Type                      Level
   a - Confusing Touch                Hexes                        1
   b - Animate Skeleton               Necromancy                   1
   c - Summon Small Mammal            Summoning                    1
   d - Apportation                    Translocation                1
Miscellaneous
 E - a phantom mirror
Comestibles
 C - a slice of pizza
 M - 6 bread rations


   Skills:
 - Level 8.0 Short Blades
 + Level 7.0 Dodging
 - Level 9.0 Stealth
 + Level 8.1 Spellcasting
 + Level 11.4 Hexes
 * Level 2.6 Translocations
 - Level 0.1 Ice Magic


You had 19 spell levels left.
You knew the following spells:

 Your Spells              Type           Power        Failure   Level  Hunger
a - Apportation           Tloc           ###.......   2%          1    None
b - Ensorcelled Hibernat  Hex/Ice        ####..       1%          2    None
c - Confuse               Hex            ######..     1%          3    None


Dungeon Overview and Level Annotations

Branches:
Dungeon (10/15)            Temple (1/1) D:6            Lair (0/6) D:8
    Orc: D:9-12

Altars:
Ashenzari
Cheibriados
Dithmenos
Elyvilon
Fedhas
Gozag
Hepliaklqana
Kikubaaqudgha
Makhleb
Nemelex Xobeh
Okawaru
Qazlal
Ru
Sif Muna
Trog
Uskayaw
Vehumet
Xom
Yredelemnul
Zin
The Shining One

Shops:
D:4 =   D:7 [

Annotations:
D:9 Erolcha, Maurice


Innate Abilities, Weirdness & Mutations

You are very small and have problems with some larger weapons.
You are too small for most types of armour.
You have supernaturally acute eyesight. (SInv)
You are a herbivore.
You cover ground extremely quickly.
You need consume almost no food.


Message History

Erolcha hits you with a giant club!!
* * * LOW HITPOINT WARNING * * *
You hit Erolcha but do no damage.
Erolcha looks as sick as possible!
You hit Erolcha but do no damage.
Erolcha looks as sick as possible!
Erolcha completely misses you.
Casting: Confuse
Confirm with . or Enter, or press ? or * to list all spells.
Aiming: Ensorcelled Hibernation
Press: ? - help, Shift-Dir - straight line, f/p - Erolcha
Aim: Erolcha, wielding a giant club and wearing a robe (poisoned, confused, chance to defeat MR: 26%) Erolcha resists with almost no effort.
Casting: Ensorcelled Hibernation
Confirm with . or Enter, or press ? or * to list all spells.
Aiming: Ensorcelled Hibernation
Press: ? - help, Shift-Dir - straight line, f/p - Erolcha
Aim: Erolcha, wielding a giant club and wearing a robe (lightly wounded, poisoned, confused, chance to defeat MR: 26%) Erolcha looks drowsy...
Erolcha shouts!
Erolcha hits you with a giant club!
You die...

###########.# #.####.#
............###[######
########.............#
#.######.####.#
#.##........#.#
#.##.###.##.#.# #..(.#
#....#.#
################.#
......O@.........#
##################


You could see Erolcha (confused).

Vanquished Creatures
  Pikel (D:5)
  An elephant (D:8)
  A hippogriff (D:7)
  A wyvern (D:9)
  A yak (D:8)
  Grum (D:8)
  Menkaure (D:4)
  Duvessa (D:4)
  An ice beast (D:6)
  A slave (D:5)
  An eye of draining (D:8)
  A necrophage (D:8)
  4 ogres
  4 wolves (D:8)
  3 centaurs
  A crocodile (D:8)
  A bullfrog (D:9)
  A wyvern skeleton (D:9)
  Dowan (D:4)
  A scorpion (D:7)
  9 killer bees (D:8)
  6 wights (D:7)
  A howler monkey (D:8)
  4 crimson imps
  A bullfrog zombie (D:7)
  A hound (D:8)
  3 orc priests
  2 jellies (D:7)
  5 orc wizards
  Natasha (twice) (D:3)
  6 iguanas
  Ijyb (D:3)
  3 worker ants
  Robin (D:3)
  A gnoll (D:1)
  13 adders
  A howler monkey skeleton (D:4)
  An ooze (D:1)
  An adder skeleton (D:4)
  4 worms
  2 dart slugs (D:1)
  9 leopard geckos
  7 orcs
  5 giant cockroaches
  14 goblins
  11 hobgoblins
  11 jackals
  8 kobolds
  5 quokkas
  2 ball pythons (D:3)
  8 bats
  7 frilled lizards
  7 rats
  A fungus (D:7)
191 creatures vanquished.

Vanquished Creatures (others)
  An orc wizard (D:5)
  A worker ant (D:5)
  3 orcs (D:5)
5 creatures vanquished.

Grand Total: 196 creatures vanquished

Notes
Turn   | Place    | Note
-------+----------+-------------------------------------------
     0 | D:1      | sweetbreads the Spriggan Enchanter began the quest for the Orb.
     0 | D:1      | Reached XP level 1. HP: 9/9 MP: 5/5
    22 | D:1      | Reached skill level 4 in Hexes
    22 | D:1      | Reached XP level 2. HP: 13/13 MP: 6/6
    26 | D:1      | Learned a level 2 spell: Ensorcelled Hibernation
    63 | D:2      | Reached skill level 5 in Stealth
    99 | D:1      | Reached XP level 3. HP: 16/16 MP: 5/8
   838 | D:2      | Found a bloodstained altar of Trog.
  1320 | D:2      | Found a faded altar of an unknown god.
  1326 | D:2      | Reached XP level 4. HP: 21/21 MP: 6/9
  1647 | D:3      | Learned a level 3 spell: Confuse
  2107 | D:3      | Noticed Robin
  2115 | D:3      | Killed Robin
  2115 | D:3      | Reached skill level 5 in Hexes
  2115 | D:3      | Reached XP level 5. HP: 24/24 MP: 7/10
  2532 | D:4      | Noticed Natasha
  2537 | D:3      | Killed Natasha
  2652 | D:3      | Noticed Ijyb
  2659 | D:3      | Killed Ijyb
  2888 | D:3      | Noticed Natasha
  2903 | D:3      | Killed Natasha
  2903 | D:3      | Reached XP level 6. HP: 19/28 MP: 11/11
  3348 | D:5      | Entered Level 5 of the Dungeon
  3397 | D:4      | Noticed Dowan
  3399 | D:4      | Noticed Duvessa
  3420 | D:4      | Killed Dowan
  3420 | D:4      | Reached skill level 6 in Hexes
  3451 | D:4      | Reached XP level 7. HP: 32/32 MP: 11/12
  3588 | D:4      | Noticed Menkaure
  3681 | D:4      | Killed Menkaure
  3681 | D:4      | Reached skill level 7 in Hexes
  3694 | D:4      | Found Buniug's Jewellery Shoppe.
  3784 | D:4      | Killed Duvessa
  3928 | D:4      | Found a basalt altar of Yredelemnul.
  3929 | D:4      | Found a glowing silver altar of Zin.
  4049 | D:5      | Reached skill level 5 in Short Blades
  4049 | D:5      | Reached skill level 8 in Hexes
  4282 | D:5      | Learned a level 1 spell: Apportation
  4388 | D:5      | Reached XP level 8. HP: 35/36 MP: 13/13
  4391 | D:5      | Noticed Pikel
  4431 | D:5      | Killed Pikel
  4431 | D:5      | Reached skill level 5 in Dodging
  4431 | D:5      | Reached skill level 9 in Hexes
  5102 | D:7      | Reached skill level 10 in Hexes
  5526 | D:6      | Found a staircase to the Ecumenical Temple.
  5671 | Temple   | Entered the Ecumenical Temple
  5780 | Temple   | Became a worshipper of Warmaster Okawaru
  5821 | D:6      | Found a burning altar of Makhleb.
  5846 | D:6      | Reached XP level 9. HP: 39/39 MP: 15/15
  6070 | D:7      | Found Kuuv's Antique Armour Shoppe.
  6079 | D:7      | Bought a creamy pearl robe for 142 gold pieces
  6089 | D:7      | Identified the +1 robe of Biofity {Str+4} (You bought it in a shop on level 7 of the Dungeon)
  6309 | D:7      | Found a blossoming altar of Fedhas.
  6546 | D:7      | Found an ancient bone altar of Kikubaaqudgha.
  6780 | D:7      | Reached skill level 5 in Spellcasting
  7073 | D:8      | Reached * piety under Okawaru
  7293 | D:8      | Found a staircase to the Lair.
  7293 | D:8      | Noticed an elephant
  7309 | D:8      | Killed an elephant
  7648 | D:8      | Found a white marble altar of Elyvilon.
  7779 | D:8      | Reached skill level 11 in Hexes
  7781 | D:8      | Reached ** piety under Okawaru
  7787 | D:8      | Reached XP level 10. HP: 28/44 MP: 11/22
  7789 | D:8      | Noticed Grum
  7794 | D:8      | Killed Grum
  7922 | D:8      | Reached skill level 1 in Translocations
  8327 | D:10     | Entered Level 10 of the Dungeon
  8366 | D:9      | Found a glowing golden altar of the Shining One.
  8382 | D:9      | Noticed Maurice
  8509 | D:9      | Noticed Erolcha
  8521 | D:9      | Mangled by Erolcha

Skill      XL: |  1  2  3  4  5  6  7  8  9 10 |
---------------+-------------------------------+-----
Hexes          | 4 5 6 8 10 11 | 11.4
Stealth        | 5 6 7 8 9 |  9.0
Short Blades   | 2 3 5 6 8 |  8.0
Dodging        | 4 5 6 7 |  7.0
Spellcasting   | 3 7 8 |  8.1
Translocations | 2 |  2.6
Ice Magic      | |  0.1

Action                   |  1- 3 |  4- 6 |  7- 9 | 10-12 || total
-------------------------+-------+-------+-------+-------++-------
Melee: Dagger            |    79 |   119 |   170 |    23 ||   391
       Short sword       |       |       |    29 |       ||    29
       Rapier            |       |       |     3 |       ||     3
 Cast: Ensorcelled Hiber |    21 |    37 |    59 |    13 ||   130
       Confuse           |       |     5 |    24 |     3 ||    32
Evoke: Wand              |       |       |     1 |       ||     1
  Use: Scroll            |     2 |     5 |     8 |       ||    15
       Potion            |       |       |     7 |       ||     7
 Stab: Sleeping          |    28 |    37 |    53 |    13 ||   131
       Confused          |       |       |    11 |       ||    11
       Distracted        |       |       |     3 |     2 ||     5
  Eat: Bread ration      |       |     1 |     1 |       ||     2
Armor: Robe              |    11 |     7 |    11 |       ||    29
Dodge: Dodged            |    51 |    82 |   134 |    14 ||   281
